 Dungeon Crawl Stone Soup version 0.22.0-21-g8bd1b0a (webtiles) character file.

125 AverageBear the Cutter (level 4, -1/27 HPs)
             Began as a Deep Elf Fighter on Aug 20, 2018.
             Slain by a gnoll
             ... wielding a +0 halberd
              (10 damage)
             ... while paralysed by a gnoll
             ... on level 3 of the Dungeon.
             The game lasted 00:02:02 (2089 turns).

AverageBear the Cutter (Deep Elf Fighter)           Turns: 2089, Time: 00:02:03

Health: -1/27      AC:  6    Str: 13 (14) XL:     4   Next: 82%
Magic:  6/6        EV:  2    Int: 13      God:
Gold:   108        SH:  0    Dex: 19      Spells: 3/3 levels left

rFire    + . .     SeeInvis .   m - +2 dagger (venom)
rCold    . . .     Gourm    .   c - +0 shield
rNeg     . . .     Faith    .   b - +0 scale mail
rPois    .         Spirit   .   (no helmet)
rElec    .         Reflect  .   (no cloak)
rCorr    .         Harm     .   (no gloves)
MR       .....                  (no boots)
Stlth    +.........             (no amulet)
HPRegen  0.09/turn              k - ring of protection from fire
MPRegen  0.10/turn              (no ring)

@: paralysed, agile
A: blink, deterioration 1, subdued magic 1
a: Blink


You were on level 3 of the Dungeon.
You were not hungry.

You visited 1 branch of the dungeon, and saw 3 of its levels.

You collected 108 gold pieces.

Inventory:

Hand Weapons
 a - a +0 rapier
 m - a +2 dagger of venom (weapon)
Armour
 b - a +0 scale mail (worn)
 c - a +0 shield (worn)
Jewellery
 k - a ring of protection from fire (left hand)
Scrolls
 e - a scroll of fog
 h - 2 scrolls of amnesia {unknown}
 j - 2 scrolls of teleportation {unknown}
 l - 2 scrolls of remove curse {unknown}
 o - a scroll of identify {unknown}
Potions
 d - 3 potions of might
 g - a potion of heal wounds
Comestibles
 f - 5 rations
 n - 12 chunks of flesh


   Skills:
 - Level 2.4 Fighting
 + Level 5.1 Short Blades
 - Level 2.4 Armour
 - Level 2.4 Shields


You had 3 spell levels left.
You didn't know any spells.
Your spell library was empty.

Dungeon Overview and Level Annotations

Branches:
Dungeon (3/15)

Altars:
Qazlal
Trog


Innate Abilities, Weirdness & Mutations

You can translocate small distances at will.
Your body sometimes deteriorates upon taking damage.
Your spells are a little easier to cast, but a little less powerful.


Message History

* * * LOW HITPOINT WARNING * * *
The jackal bites you but does no damage.
Okay, then.
It was a potion of agility.
You feel agile all of a sudden. The kobold closely misses you.
You block the jackal's attack. You block the gnoll's attack.
You hit the jackal.
The jackal looks as sick as possible!
The jackal is almost dead.
You kill the jackal!
You block the kobold's attack. The gnoll closely misses you.
Things that are here:
a spear; a jackal corpse x2
You block the gnoll's attack.
You closely miss the gnoll. You block the kobold's attack.
The gnoll zaps a wand.
You suddenly lose the ability to move!
It is a wand of paralysis (19).
The kobold hits you but does no damage. The gnoll hits you with a halberd!
You die...

...%... #.# #.# ###
.......####.####.########...
#.................>..........
.........###.##########......
.........# #.# ##>## #...#...
.........###.##8...8##..## ##
........[....##.....###.#
.........##..#8.....8#..#####
........)..g@##.....##.......
........####K##8...8##....###
.........# #.##.... #..[.#
......?..# #.#8.... #...##
.........# #.##.... #...#
..%.....h# #.##8... #...# #
........h# #.# ##_# ########
....b[.g.# #.#########.......
.......... ..................


You could see a gnoll and a kobold.

Vanquished Creatures
  2 gnolls (D:3)
  3 adders
  4 worms (D:2)
  A leopard gecko (D:1)
  2 ball pythons
  6 bats
  4 giant cockroaches
  4 hobgoblins (D:1)
  12 jackals
  5 kobolds
  2 frilled lizards (D:2)
  9 goblins
  10 rats
64 creatures vanquished.

Notes
Turn   | Place    | Note
-------+----------+-------------------------------------------
     0 | D:1      | AverageBear the Deep Elf Fighter began the quest for the Orb.
     0 | D:1      | Reached XP level 1. HP: 13/13 MP: 3/3
   211 | D:1      | Reached XP level 2. HP: 18/18 MP: 4/4
   284 | D:1      | Reached skill level 3 in Short Blades
   615 | D:2      | Reached XP level 3. HP: 11/22 MP: 5/5
   977 | D:2      | Reached skill level 4 in Short Blades
   978 | D:2      | Found a bloodstained altar of Trog.
   990 | D:2      | Gained mutation: Your spells are a little easier to cast, but a little less powerful. [potion of mutation]
   990 | D:2      | Gained mutation: Your body sometimes deteriorates upon taking damage. [potion of mutation]
   990 | D:2      | Gained mutation: You can translocate small distances at will. [potion of mutation]
  1557 | D:2      | Reached XP level 4. HP: 18/27 MP: 6/6
  1964 | D:3      | Found a stormy altar of Qazlal.
  2075 | D:3      | Reached skill level 5 in Short Blades
  2088 | D:3      | Paralysed by a gnoll for 2 turns
  2089 | D:3      | Slain by a gnoll

Skill      XL: |  1  2  3  4 |
---------------+-------------+-----
Short Blades   | 3 4 5 |  5.1
Fighting       | |  2.4
Armour         | |  2.4
Shields        | |  2.4

Action                   |  1- 3 |  4- 6 || total
-------------------------+-------+-------++-------
Melee: Rapier            |   125 |       ||   125
       Dagger            |     6 |    70 ||    76
  Use: Potion            |     2 |     2 ||     4
       Scroll            |     2 |       ||     2
  Eat: Chunk             |     2 |     2 ||     4
Armor: Scale mail        |    70 |    23 ||    93
Dodge: Dodged            |    35 |    26 ||    61
Block: Shield            |    50 |    39 ||    89
